 Dungeon Crawl Stone Soup version 0.28-a0-1545-g945cd3f27e (webtiles) character file.

Game seed: 11250540210154577592

67 Nattfarinn the Skirmisher (level 4, -1/42 HPs)
             Began as a Hill Orc Fighter on Jan 18, 2022.
             Slain by an iguana (12 damage)
             ... on level 2 of the Dungeon.
             The game lasted 00:01:13 (1926 turns).

Nattfarinn the Skirmisher (Hill Orc Fighter)        Turns: 1926, Time: 00:01:14

Health: -1/42      AC:  6    Str: 20    XL:     4   Next: 18%
Magic:  4/4        EV:  9    Int:  8    God:
Gold:   51         SH:  4    Dex: 10    Spells: 3/3 levels left

rFire   . . .      SeeInvis .   a - +0 war axe
rCold   . . .      Faith    .   c - +0 buckler
rNeg    . . .      Spirit   .   b - +0 scale mail
rPois   .          Reflect  .   (no helmet)
rElec   .          Harm     .   (no cloak)
rCorr   .          Rampage  .   (no gloves)
Will    .....                   (no boots)
Stlth   ..........              (no amulet)
HPRegen 0.14/turn               (no ring)
MPRegen 0.09/turn               (no ring)

@: no status effects
A: no striking features
a: no special abilities


You were on level 2 of the Dungeon.
You visited 1 branch of the dungeon, and saw 2 of its levels.

You collected 51 gold pieces.

Inventory:

Hand Weapons
 a - a +0 war axe (weapon)
Armour
 b - a +0 scale mail (worn)
 c - a +0 buckler (worn)
Jewellery
 i - the macabre finger necklace {rN+}
   (You found it on level 2 of the Dungeon)

   [amulet of nothing]

   It enables you to equip an extra ring.
   rN:        It protects you from negative energy.
Scrolls
 e - a scroll of teleportation {unknown}
 g - a scroll of summoning {unknown}
 h - a scroll of holy word {unknown}
 j - a scroll of identify {unknown}
 k - a scroll of silence {unknown}
 l - a scroll of noise {unknown}
Potions
 d - a potion of might
 f - a potion of curing {unknown}


   Skills:
 * Level 5.3 Fighting
 + Level 3.9 Axes
 - Level 3.2 Armour
 - Level 3.2 Shields


You had 3 spell levels left.
You didn't know any spells.
Your spell library was empty.

Dungeon Overview and Level Annotations

Branches:
Dungeon (2/15)

Altars:
Cheibriados


Message History

You miss the bat. You block the bat's attack. The bat barely misses you.
You hit the bat.
You kill the bat!
Found a stone staircase leading down.
Found a falchion.
There is a stone staircase leading down here.
There is a stone staircase leading down here.
A ball python comes into view.
The ball python bites you but does no damage.
The ball python closely misses you.
You slash the ball python!
You kill the ball python!
No target in view!
No target in view!
You open the door.
There is an open door here.
Found a hunting sling.
There is an open door here.
An iguana comes into view.
The iguana hisses angrily.
The iguana hisses menacingly.
An iguana is nearby!
The iguana bites you!
You slash the iguana!
The iguana is moderately wounded.
You block the iguana's attack.
You closely miss the iguana.
The iguana is moderately wounded.
The iguana bites you. x2
You are too injured to fight recklessly!
You are too injured to fight recklessly!
You are too injured to fight recklessly!
You closely miss the iguana.
The iguana is moderately wounded.
The iguana bites you!
* * * LOW HITPOINT WARNING * * *
You slash the iguana!
The iguana is almost dead.
The iguana bites you!
You die...

...# ##.# ..# #.# ... #.#######
#.# ##........ #.# ...#########.#
#.# ### .............# #.# #.#
....#.###.....##l# #.#
....#.###.....##@# ######### #.#
#+#.#.#.#.....##.# #.......# #.#
#.....#.#.....##.# #.#####.###.##
#.#..##.#.....#..# #.............
#.......#.....#.##.#######.###.##
........#.....#.##..........##.#
#.............#.##########..##.#
#.#+#####............#......##.#
#.........≈≈≈≈≈.≈≈≈≈........##.#


You could see an iguana.

Vanquished Creatures
  3 adders (D:2)
  4 giant cockroaches
  A hobgoblin (D:1)
  10 jackals
  2 quokkas
  3 ball pythons
  3 bats (D:2)
  6 goblins (D:1)
  3 kobolds (D:1)
  A rat (D:2)
36 creatures vanquished.

Notes
Turn   | Place    | Note
-------+----------+-------------------------------------------
     0 | D:1      | Nattfarinn the Hill Orc Fighter began the quest for the
                  | Orb.
     0 | D:1      | Reached XP level 1. HP: 19/19 MP: 1/1
   289 | D:1      | Reached skill level 4 in Fighting
   342 | D:1      | Reached XP level 2. HP: 27/27 MP: 2/2
   936 | D:1      | Reached XP level 3. HP: 34/34 MP: 3/3
  1270 | D:2      | Reached skill level 5 in Fighting
  1352 | D:2      | Found the macabre finger necklace {rN+}
  1428 | D:2      | Reached XP level 4. HP: 42/42 MP: 4/4
  1544 | D:2      | Found a snail-covered altar of Cheibriados.
  1926 | D:2      | Slain by an iguana

Illustrated notes

Levels and vault maps discovered:
D:1:      dpeg_arrival_triangle_fractal, layout_loops_ring
D:2:      layout_basic, basic_altar, minivault_14, grunt_ministairs_9

Skill      XL: |  1  2  3 |
---------------+----------+-----
Fighting       | 4 5 |  5.3
Axes           | 3 |  3.9
Armour         | |  3.2
Shields        | |  3.2

Action                   |  1- 3 |  4- 6 || total
-------------------------+-------+-------++-------
Melee: War axe           |   111 |    10 ||   121
Armor: Scale mail        |    55 |     1 ||    56
Dodge: Dodged            |    50 |     5 ||    55
Block: Buckler           |    29 |     3 ||    32

Table legend: (Time is in decaauts)
 A = Elapsed time spent in this place.
 B = Non-inter-level travel time spent in this place.
 C = Inter-level travel time spent in this place.
 D = Time resting spent in this place.
 E = Time spent auto-exploring this place.
 F = Levels seen in this place.
 G = Mean time per level.
                   A        B        C        D        E       F      G
               +--------+--------+--------+--------+--------+-----+--------+
         Total |   1972 |   1941 |     31 |      0 |   1665 |   2 |  986.0 |
       Dungeon |   1972 |   1941 |     31 |      0 |   1665 |   2 |  986.0 |
               +--------+--------+--------+--------+--------+-----+--------+

Top non-repeatable levels by time:
     D:1: 1033 daAuts
     D:2: 939 daAuts
